TOP OF THE 1ST |
El Dorado Oilers batting - Pitching for Kansas City Kings : LHP Keith Swanson
|
Pitching: LHP Keith Swanson
|
|
Batting: LHB Mathew Clayton
|
0-0: Called Strike 0-1: Ball 1-1: Foul Ball, location: 2F 1-2: Foul Ball, location: 2F 1-2: Strikes out swinging
|
Batting: LHB Al Gaines
|
0-0: Ball 1-0: Called Strike 1-1: Foul Ball, location: 2F 1-2: SINGLE (Groundball, 4MD)
|
Batting: RHB José Carlos Caraballo
|
0-0: Foul Ball, location: 2F 0-1: Called Strike 0-2: Ball 1-2: 2-RUN HOME RUN (Flyball, 78XD), Distance : 389 ft
|
Batting: LHB José Hernández
|
0-0: Ball 1-0: Ball 2-0: Ball 3-0: Called Strike 3-1: Ground out 1-3 (Groundball, 13S)
|
Batting: SHB Theron Harper
|
0-0: Ball 1-0: Foul Ball, location: 2F 1-1: Ball 2-1: Called Strike 2-2: Strikes out swinging
|
Top of the 1st over - 2 runs, 2 hits, 0 errors, 0 left on base; El Dorado 2 - Kansas City 0 |
BOTTOM OF THE 1ST |
Kansas City Kings batting - Pitching for El Dorado Oilers : RHP Mark Anderson
|
Pitching: RHP Mark Anderson
|
|
Batting: RHB Gregg Nelson
|
0-0: Foul Ball, location: 2F 0-1: Called Strike 0-2: Foul Ball, location: 2F 0-2: Ball 1-2: Fly out, F4 (Line Drive, 34)
|
Batting: RHB Chris Chandler
|
0-0: Ball 1-0: Called Strike 1-1: Swinging Strike 1-2: Strikes out looking
|
Batting: RHB Toshimichi Kono
|
0-0: SINGLE (Line Drive, 7S)
|
Batting: RHB Dave Parker
|
0-0: Ball 1-0: Ball 2-0: 2-RUN HOME RUN (Flyball, 7D), Distance : 377 ft
|
Batting: RHB Eric Fuller
|
0-0: Called Strike 0-1: Ball 1-1: Fly out, F6 (Line Drive, 6)
|
Bottom of the 1st over - 2 runs, 2 hits, 0 errors, 0 left on base; El Dorado 2 - Kansas City 2 |
TOP OF THE 2ND |
El Dorado Oilers batting - Pitching for Kansas City Kings : LHP Keith Swanson
|
Batting: LHB Chris Miller
|
0-0: Called Strike 0-1: Ball 1-1: Swinging Strike 1-2: Ball 2-2: SINGLE (Flyball, 78M)
|
Batting: RHB José Montoya
|
0-0: Called Strike 0-1: Fielders Choice at 2nd, 5-4 (Groundball, 56)
|
Batting: RHB Vicente Carona
|
0-0: Ball 1-0: Grounds into double play, 6-4-3 (Groundball, 6)
|
Top of the 2nd over - 0 runs, 1 hit, 0 errors, 0 left on base; El Dorado 2 - Kansas City 2 |
BOTTOM OF THE 2ND |
Kansas City Kings batting - Pitching for El Dorado Oilers : RHP Mark Anderson
|
Batting: RHB Eduardo García
|
0-0: Swinging Strike 0-1: Fly out, F9 (Flyball, 9D)
|
Batting: RHB Cy Keynes
|
0-0: Ball 1-0: Called Strike 1-1: Swinging Strike 1-2: Ball 2-2: Ball 3-2: Fly out, F9 (Line Drive, 9S)
|
Batting: RHB Rafael Carreón
|
0-0: Ball 1-0: Called Strike 1-1: SOLO HOME RUN (Flyball, 7D), Distance : 354 ft
|
Batting: RHB Jeremy Carr
|
0-0: Ball 1-0: Ball 2-0: Fly out, F9 (Flyball, 9S)
|
Bottom of the 2nd over - 1 run, 1 hit, 0 errors, 0 left on base; El Dorado 2 - Kansas City 3 |
TOP OF THE 3RD |
El Dorado Oilers batting - Pitching for Kansas City Kings : LHP Keith Swanson
|
Batting: SHB Orlando Aguilar
|
0-0: Ball 1-0: Called Strike 1-1: Swinging Strike 1-2: Ball 2-2: SINGLE (Groundball, 4MD)
|
Batting: LHB Mathew Clayton
|
0-0: Called Strike 0-1: Called Strike 0-2: Foul Ball, location: 2F 0-2: Ball 1-2: Foul Ball, location: 2F 1-2: Fielders Choice at 2nd, 4-6 (Groundball, 34)
|
Batting: LHB Al Gaines
|
0-0: Ball 1-0: Ball 2-0: SINGLE (Groundball, 34D) Mathew Clayton to second Runner from 2nd tries for 3rd, SAFE, no throw
|
Batting: RHB José Carlos Caraballo
|
0-0: Ground out U3 (Groundball, 34S) Mathew Clayton scores Al Gaines to second
|
Batting: LHB José Hernández
|
0-0: Ball 1-0: Called Strike 1-1: Called Strike 1-2: SINGLE (Flyball, 78S) Al Gaines to third Runner from 3rd tries for Home, SAFE, no throw
|
Batting: SHB Theron Harper
|
0-0: Ground out 3-1 (Groundball, 34)
|
Top of the 3rd over - 2 runs, 3 hits, 0 errors, 1 left on base; El Dorado 4 - Kansas City 3 |
BOTTOM OF THE 3RD |
Kansas City Kings batting - Pitching for El Dorado Oilers : RHP Mark Anderson
|
Batting: RHB Gregg Nelson
|
0-0: Swinging Strike 0-1: Ground out U3 (Groundball, 3L)
|
Batting: RHB Chris Chandler
|
0-0: Ball 1-0: Fly out, F9 (Flyball, 89M)
|
Batting: RHB Toshimichi Kono
|
0-0: Called Strike 0-1: Fly out, F7 (Flyball, 78M)
|
Bottom of the 3rd over - 0 runs, 0 hits, 0 errors, 0 left on base; El Dorado 4 - Kansas City 3 |
TOP OF THE 4TH |
El Dorado Oilers batting - Pitching for Kansas City Kings : LHP Keith Swanson
|
Batting: LHB Chris Miller
|
0-0: Called Strike 0-1: Ball 1-1: Ball 2-1: Foul Ball, location: 2F 2-2: Fly out, F9 (Flyball, 89D)
|
Batting: RHB José Montoya
|
0-0: Ball 1-0: Ball 2-0: DOUBLE (Line Drive, 5D)
|
Batting: RHB Vicente Carona
|
0-0: SINGLE (Groundball, 6MD) José Montoya to third
|
Pitching: RHP Brian Hull
|
|
Batting: SHB Orlando Aguilar
|
0-0: Foul Ball, location: 2F 0-1: Ball 1-1: Ball 2-1: Ball 3-1: Base on Balls Vicente Carona to second
|
Batting: LHB Mathew Clayton
|
0-0: Grounds into double play, 4-6-3 (Groundball, 4)
|
Top of the 4th over - 0 runs, 2 hits, 0 errors, 2 left on base; El Dorado 4 - Kansas City 3 |
BOTTOM OF THE 4TH |
Kansas City Kings batting - Pitching for El Dorado Oilers : RHP Mark Anderson
|
Batting: RHB Dave Parker
|
0-0: Called Strike 0-1: Ball 1-1: Ball 2-1: Ball 3-1: Base on Balls
|
Batting: RHB Eric Fuller
|
0-0: Ball 1-0: Called Strike 1-1: Swinging Strike 1-2: Ball 2-2: Ball 3-2: Strikes out looking
|
Batting: RHB Eduardo García
|
0-0: Foul Ball, location: 2F 0-1: Ball 1-1: Ball 2-1: Called Strike 2-2: Ball 3-2: Foul Ball, location: 2F 3-2: Base on Balls Dave Parker to second
|
Batting: RHB Cy Keynes
|
0-0: Ball 1-0: Ball 2-0: Foul Ball, location: 2F 2-1: Called Strike 2-2: Ball 3-2: Ground out 5-3 (Groundball, 56S) Dave Parker to third Eduardo García to second
|
Batting: RHB Rafael Carreón
|
0-0: Called Strike 0-1: Foul Ball, location: 2F 0-2: Ball 1-2: Ball 2-2: SINGLE (Flyball, 78S) Dave Parker scores Eduardo García to third Runner from 3rd tries for Home, SAFE, no throw
|
Batting: RHB Jeremy Carr
|
0-0: Called Strike 0-1: Ball 1-1: Swinging Strike 1-2: Strikes out swinging
|
Bottom of the 4th over - 2 runs, 1 hit, 0 errors, 1 left on base; El Dorado 4 - Kansas City 5 |
TOP OF THE 5TH |
El Dorado Oilers batting - Pitching for Kansas City Kings : RHP Brian Hull
|
Batting: LHB Al Gaines
|
0-0: SINGLE (Line Drive, 4MD)
|
Batting: RHB José Carlos Caraballo
|
0-0: Swinging Strike 0-1: Ball 1-1: Ball 2-1: Ball 3-1: Swinging Strike 3-2: Foul Ball, location: 2F 3-2: Strikes out swinging
|
Batting: LHB José Hernández
|
0-0: Ball 1-0: Called Strike Al Gaines is caught stealing 2nd base 1-1: Ball 2-1: Foul Ball, location: 2F 2-2: Foul Ball, location: 2F 2-2: Fly out, F8 (Flyball, 8RM)
|
Top of the 5th over - 0 runs, 1 hit, 0 errors, 0 left on base; El Dorado 4 - Kansas City 5 |
BOTTOM OF THE 5TH |
Kansas City Kings batting - Pitching for El Dorado Oilers : RHP Mark Anderson
|
Batting: RHB Gregg Nelson
|
0-0: Foul Ball, location: 2F 0-1: Ball 1-1: Swinging Strike 1-2: Strikes out swinging
|
Batting: RHB Chris Chandler
|
0-0: Ball 1-0: Ball 2-0: Ball 3-0: Called Strike 3-1: Called Strike 3-2: Fly out, F3 (Popup, 3F)
|
Batting: RHB Toshimichi Kono
|
0-0: Ball 1-0: Fly out, F8 (Flyball, 8LXD)
|
Bottom of the 5th over - 0 runs, 0 hits, 0 errors, 0 left on base; El Dorado 4 - Kansas City 5 |
TOP OF THE 6TH |
El Dorado Oilers batting - Pitching for Kansas City Kings : RHP Brian Hull
|
Batting: SHB Theron Harper
|
0-0: Ball 1-0: Foul Ball, location: 2F 1-1: SINGLE (Groundball, 56D)
|
Batting: LHB Chris Miller
|
0-0: Ball 1-0: Swinging Strike 1-1: Ball 2-1: Ground out U3 (Groundball, 34S) Theron Harper to second
|
Batting: RHB José Montoya
|
0-0: Foul Ball, location: 2F 0-1: Swinging Strike Passed Ball! Theron Harper to third 0-2: Ball 1-2: Foul Ball, location: 2F 1-2: DOUBLE (Groundball, 5L) Theron Harper scores
|
Batting: RHB Vicente Carona
|
0-0: Called Strike José Montoya steals 3rd base 0-1: Ball 1-1: SINGLE (Line Drive, 5) José Montoya scores
|
Pitching: RHP Alberto Bonilla
|
|
Batting: SHB Orlando Aguilar
|
0-0: Swinging Strike 0-1: Hit by Pitch Vicente Carona to second
|
Batting: LHB Mathew Clayton
|
0-0: Swinging Strike 0-1: Swinging Strike 0-2: Strikes out swinging
|
Batting: LHB Al Gaines
|
0-0: Ball 1-0: Called Strike 1-1: Ball 2-1: Swinging Strike 2-2: Strikes out swinging
|
Top of the 6th over - 2 runs, 3 hits, 0 errors, 2 left on base; El Dorado 6 - Kansas City 5 |
BOTTOM OF THE 6TH |
Kansas City Kings batting - Pitching for El Dorado Oilers : RHP Mark Anderson
|
Batting: RHB Dave Parker
|
0-0: Called Strike 0-1: Fly out, F8 (Flyball, 8RM)
|
Batting: RHB Eric Fuller
|
0-0: Ball 1-0: Ball 2-0: Foul Ball, location: 2F 2-1: Ball 3-1: Base on Balls
|
Batting: RHB Eduardo García
|
0-0: Called Strike 0-1: SINGLE (Flyball, 4MD) Eric Fuller to second Runner from 2nd tries for 3rd, SAFE, no throw
|
Pitching: RHP Adrián Serrano
|
|
Batting: RHB Cy Keynes
|
0-0: Called Strike 0-1: Foul Ball, location: 2F 0-2: Ball 1-2: Strikes out looking
|
Batting: RHB Rafael Carreón
|
0-0: Ball 1-0: Called Strike 1-1: Swinging Strike 1-2: 3-RUN HOME RUN (Line Drive, 9LD), Distance : 376 ft
|
Batting: RHB Jeremy Carr
|
0-0: Called Strike 0-1: Reached on error, E4 (Groundball, 4)
|
Batting: RHB Gregg Nelson
|
0-0: Ball 1-0: Ground out 4-3 (Groundball, 4)
|
Bottom of the 6th over - 3 runs, 2 hits, 1 error, 1 left on base; El Dorado 6 - Kansas City 8 |
TOP OF THE 7TH |
El Dorado Oilers batting - Pitching for Kansas City Kings : RHP Alberto Bonilla
|
Batting: RHB José Carlos Caraballo
|
0-0: Ball 1-0: Called Strike 1-1: TRIPLE (Flyball, 78XD)
|
Pitching: LHP Rob Lucas
|
|
Batting: LHB José Hernández
|
0-0: Swinging Strike 0-1: Foul Ball, location: 2F 0-2: Ball 1-2: Ball 2-2: Strikes out swinging
|
Pitching: LHP Manuel Parra
|
|
Batting: SHB Theron Harper
|
0-0: Called Strike 0-1: Foul Ball, location: 2F 0-2: Fly out, F8 (Flyball, 8RD) Runner from 3rd tags up, SCORES, no throw
|
Batting: LHB Chris Miller
|
0-0: Ball 1-0: Ground out 3-1 (Groundball, 34S)
|
Top of the 7th over - 1 run, 1 hit, 0 errors, 0 left on base; El Dorado 7 - Kansas City 8 |
BOTTOM OF THE 7TH |
Kansas City Kings batting - Pitching for El Dorado Oilers : RHP Adrián Serrano
|
Batting: RHB Chris Chandler
|
0-0: Called Strike 0-1: Swinging Strike 0-2: Foul Ball, location: 2F 0-2: Ball 1-2: Strikes out swinging
|
Batting: RHB Toshimichi Kono
|
0-0: Called Strike 0-1: Ball 1-1: Called Strike 1-2: Foul Ball, location: 2F 1-2: Fly out, F4 (Popup, 4)
|
Batting: RHB Dave Parker
|
0-0: Ball 1-0: Called Strike 1-1: Ball 2-1: Fly out, F9 (Flyball, 89D)
|
Bottom of the 7th over - 0 runs, 0 hits, 0 errors, 0 left on base; El Dorado 7 - Kansas City 8 |
TOP OF THE 8TH |
El Dorado Oilers batting - Pitching for Kansas City Kings : LHP Manuel Parra
|
Batting: RHB José Montoya
|
0-0: Ball 1-0: Foul Ball, location: 2F 1-1: Swinging Strike 1-2: Strikes out looking
|
Batting: RHB Vicente Carona
|
0-0: Called Strike 0-1: Foul Ball, location: 2F 0-2: Ball 1-2: Foul Ball, location: 2F 1-2: Ground out 6-3 (Groundball, 6)
|
Batting: SHB Orlando Aguilar
|
0-0: Called Strike 0-1: Ball 1-1: Called Strike 1-2: Ball 2-2: Ground out 4-3 (Groundball, 4)
|
Top of the 8th over - 0 runs, 0 hits, 0 errors, 0 left on base; El Dorado 7 - Kansas City 8 |
BOTTOM OF THE 8TH |
Kansas City Kings batting - Pitching for El Dorado Oilers : RHP Adrián Serrano
|
Batting: RHB Eric Fuller
|
0-0: Called Strike 0-1: Foul Ball, location: 2F 0-2: Ball 1-2: Strikes out swinging
|
Batting: RHB Eduardo García
|
0-0: Foul Ball, location: 2F 0-1: Foul Ball, location: 2F 0-2: Ball 1-2: Foul Ball, location: 2F 1-2: Ball 2-2: Ball 3-2: Base on Balls
|
Batting: RHB Cy Keynes
|
0-0: Fly out, F9 (Line Drive, 9D)
|
Batting: RHB Rafael Carreón
|
0-0: Ball Eduardo García steals 2nd base 1-0: Called Strike 1-1: Ball 2-1: Ball 3-1: Swinging Strike 3-2: Foul Ball, location: 2F 3-2: Base on Balls
|
Batting: RHB Jeremy Carr
|
0-0: Ball 1-0: Swinging Strike 1-1: Foul Ball, location: 2F 1-2: Foul Ball, location: 2F 1-2: Strikes out swinging
|
Bottom of the 8th over - 0 runs, 0 hits, 0 errors, 2 left on base; El Dorado 7 - Kansas City 8 |
TOP OF THE 9TH |
El Dorado Oilers batting - Pitching for Kansas City Kings : LHP Manuel Parra
|
Pitching: RHP Nick Parks
|
|
Batting: LHB Mathew Clayton
|
0-0: Called Strike 0-1: Ball 1-1: Ball 2-1: Swinging Strike 2-2: Strikes out swinging
|
Batting: LHB Al Gaines
|
0-0: Fly out, F9 (Line Drive, 9)
|
Batting: RHB José Carlos Caraballo
|
0-0: Ground out 5-3 (Groundball, 56)
|
Top of the 9th over - 0 runs, 0 hits, 0 errors, 0 left on base; El Dorado 7 - Kansas City 8 |
|